 Dungeon Crawl Stone Soup version 0.26-a0-34-g9e0bf03589 (webtiles) character file.

Game seed: 9938951496758009650, levelgen mode: deterministic

28 Teror the Grave Robber (level 3, 24/25 HPs)
             Began as a Demonspawn Necromancer on May 29, 2020.
             Quit the game on level 1 of the Dungeon.
             The game lasted 00:02:29 (779 turns).

Teror the Grave Robber (Demonspawn Necromancer)      Turns: 779, Time: 00:02:29

Health: 24/25      AC:  3    Str:  8    XL:     3   Next: 0%
Magic:  4/6        EV: 12    Int: 17    God:
Gold:   6          SH:  0    Dex: 13    Spells: 6/7 levels left

rFire    . . .     SeeInvis .   e - +1 dagger (protect)
rCold    . . .     Gourm    .   (no shield)
rNeg     . . .     Faith    .   a - +0 robe
rPois    .         Spirit   .   (no helmet)
rElec    .         Reflect  .   (no cloak)
rCorr    .         Harm     .   b - +0 pair of gloves
MR       .....                  (no boots)
Stlth    ++........             (no amulet)
HPRegen  0.08/turn              (no ring)
MPRegen  0.10/turn              (no ring)

@: no status effects
A: claws 1, rot immunity
a: no special abilities


You were on level 1 of the Dungeon.
You were not hungry.

You visited 1 branch of the dungeon, and saw 1 of its levels.

You collected 6 gold pieces.

Inventory:

Hand Weapons
 e - a +1 dagger of protection (weapon)
Armour
 a - a +0 robe (worn)
 b - a +0 pair of gloves (worn)
Scrolls
 h - 2 scrolls of random uselessness {unknown}
Potions
 f - a potion of curing {unknown}
 g - a potion of cancellation {unknown}
Comestibles
 c - 2 rations
 d - 3 chunks of flesh


   Skills:
 + Level 0.9 Fighting
 + Level 2.0 Dodging
 - Level 2.0 Stealth
 * Level 2.5 Spellcasting
 + Level 4.6 Necromancy


You had 6 spell levels left.
You knew the following spells:

 Your Spells              Type           Power        Failure   Level  Hunger
a - Pain                  Necr           ###.         2%          1    #......

Your spell library contained the following spells:

 Spells                   Type           Power        Failure   Level  Hunger
 Animate Skeleton         Necr           N/A          2%          1    #......
 Vampiric Draining        Necr           ###.......   9%          3    ###....
 Animate Dead             Necr           N/A          26%         4    #####..
 Agony                    Necr           ###.....     58%         5    ######.


Dungeon Overview and Level Annotations

Branches:
Dungeon (1/15)

Altars:


Innate Abilities, Weirdness & Mutations

You have sharp fingernails.
You are immune to rotting.


Message History

Found a stone staircase leading down.
A leopard gecko comes into view.
You see here a rat corpse.
A goblin comes into view. It is wielding a +0 club.
The goblin shouts!
Casting: Pain (safe; 3% risk of failure)
Confirm with . or Enter, or press ? or * to list all spells.
Aiming: Pain (safe; 3% risk of failure)
Press: ? - help, Shift-Dir - straight line, f - goblin
Aim: a goblin, wielding a +0 club (chance to defeat MR: 87%)
The goblin writhes in agony.
You kill the goblin!
You have reached level 3!
Your experience leads to an increase in your attributes!
Increase (S)trength, (I)ntelligence, or (D)exterity?
You feel clever.
You feel monstrous as your demonic heritage exerts itself.
Your demonic ancestry asserts itself...
Your fingernails lengthen.
Are you sure you want to abandon this character and quit the game? (Confirm with "yes".)

## .# .# .# .# .#
#.# .# .# #.# .# .#
#.# )# .#
####.####.# .#
#.......#.## .#
#.##.##.@..## .#
#####.##.##†....##
.#
#.................l.
.#
#.###.##.#..#.#..###
.# #)#
#.##.#..........
.####.#
#............##.
......#
####.........#
####### #####...?>.#
.......


You could see a leopard gecko (asleep).

Vanquished Creatures
  An ooze (D:1)
  A dart slug (D:1)
  3 leopard geckos (D:1)
  7 goblins (D:1)
  4 kobolds (D:1)
  2 bats (D:1)
  A rat (D:1)
19 creatures vanquished.

Notes
Turn   | Place    | Note
-------+----------+-------------------------------------------
     0 | D:1      | Teror the Demonspawn Necromancer began the quest for the
                  | Orb.
     0 | D:1      | Reached XP level 1. HP: 13/13 MP: 3/3
   212 | D:1      | Gained mutation: You are immune to rotting. [demonic
                  | ancestry]
   212 | D:1      | Reached XP level 2. HP: 20/20 MP: 3/5
   778 | D:1      | Gained mutation: You have sharp fingernails. [demonic
                  | ancestry]
   778 | D:1      | Reached XP level 3. HP: 25/25 MP: 4/6
   779 | D:1      | Quit the game

Illustrated notes

Levels and vault maps discovered:
D:1:      wheals_arrival_linesprint, layout_loops_ring,
          corexii_item_surrounded_by_moat, hangedman_abyss_or_decor_lesser_grid

Skill      XL: |  1  2 |
---------------+-------+-----
Stealth        | 2 |  2.0
Dodging        | 2 |  2.0
Fighting       | |  0.9
Spellcasting   | |  2.5
Necromancy     | |  4.6

Action                   || total
-------------------------++-------
Melee: Short sword       ||     2
       Dagger            ||     6
 Cast: Pain              ||    31
Armor: Robe              ||     2
Dodge: Dodged            ||     6

Table legend:
 A = Non-vault XP
 B = Vault XP
 C = Vault XP percentage of total XP
 D = Non-vault monster count
 E = Vault monster count
 F = Vault count percentage of total count
                 A         B        C        D         E       F
            +---------+---------+-------+---------+---------+-------
      Total |      41 |       0 |   0.0 |      19 |       0 |   0.0
            +---------+---------+-------+---------+---------+-------
        D:1 |      41 |       0 |   0.0 |      19 |       0 |   0.0
            +---------+---------+-------+---------+---------+-------
